 Dungeon Crawl Stone Soup version 0.25.1-2-g60ff931df9 (webtiles) character file.

Game seed: 6889935866324867671

29920 pokeman the Eclecticist (level 13, -3/74 HPs)
             Began as a Deep Elf Wizard on Nov 23, 2020.
             Was an Elder of Vehumet.
             Slain by an efreet
             ... wielding a +2 scimitar of flaming
              (6 damage)
             ... in a volcano.
             The game lasted 00:59:16 (20958 turns).

pokeman the Eclecticist (Deep Elf Wizard)          Turns: 20958, Time: 00:59:17

Health: -3/74      AC: 11    Str:  7    XL:     13   Next: 17%
Magic:  30/36      EV: 13    Int: 32    God:    Vehumet [****..]
Gold:   1038       SH:  0    Dex: 17    Spells: 26/47 levels left

rFire    . . .     SeeInvis .   r - +0 spear (venom)
rCold    . . .     Gourm    .   (no shield)
rNeg     . . .     Faith    .   b - +0 troll leather armour
rPois    +         Spirit   .   P - +0 helmet
rElec    .         Reflect  .   (no cloak)
rCorr    .         Harm     .   W - +2 pair of gloves {Str+3}
MR       +....                  i - +1 pair of boots {Fly}
Stlth    ++........             f - amulet "Bized" {Acrobat Int+3 Dex+4}
HPRegen  0.62/turn              K - ring of poison resistance
MPRegen  0.25/turn              a - ring of wizardry

@: flying
A: no striking features
a: Renounce Religion, Stop Flying


You were in a volcano.
You worshipped Vehumet.
Vehumet was greatly pleased with you.
You were not hungry.

You visited 3 branches of the dungeon, and saw 18 of its levels.
You also visited: Bailey and Volcano.

You collected 1500 gold pieces.
You spent 462 gold pieces at shops.

Inventory:

Hand Weapons
 e - a +0 arbalest
 r - a +0 spear of venom (weapon)
 u - a +0 longbow
Missiles
 x - 105 arrows
 C - 89 bolts
Armour
 b - a +0 troll leather armour (worn)
 i - a +1 pair of boots of flying (worn)
 m - a +1 leather armour of cold resistance
 n - a cursed +0 buckler
 P - a +0 helmet (worn)
 W - a +2 pair of gloves of strength (worn)
Magical Staves
 p - an uncursed staff of summoning {unknown}
Jewellery
 a - a ring of wizardry (right hand)
 f - the amulet "Bized" (around neck) {Acrobat Int+3 Dex+4}
   (You found it on level 12 of the Dungeon)

   [amulet of the acrobat]

   It helps you evade while moving and waiting.
   It affects your intelligence (+3).
   It affects your dexterity (+4).
 h - an uncursed ring of see invisible
 o - an uncursed ring of wizardry
 A - an uncursed ring of ice
 D - an uncursed amulet of guardian spirit {unknown}
 G - a cursed -4 ring of intelligence {unknown}
 K - a ring of poison resistance (left hand)
Wands
 k - a wand of acid (9)
 R - a wand of digging (4)
Scrolls
 g - 3 scrolls of noise {unknown}
 l - 9 scrolls of remove curse
 t - 3 scrolls of identify
 v - 4 scrolls of teleportation
 w - 4 scrolls of blinking
 y - a scroll of magic mapping
 B - a scroll of amnesia
 F - a scroll of fog
 I - a scroll of immolation {unknown}
 S - 2 scrolls of enchant weapon {unknown}
 U - a scroll of silence {unknown}
 X - a scroll of summoning {unknown}
Potions
 c - 2 potions of cancellation
 j - 10 potions of curing
 q - a potion of resistance
 s - 2 potions of lignification
 z - 2 potions of brilliance
 E - 2 potions of haste
 Z - a potion of heal wounds
Comestibles
 d - 44 rations


   Skills:
 + Level 6.0 Fighting
 - Level 4.0 Armour
 - Level 3.0 Dodging
 - Level 2.4 Stealth
 - Level 4.0 Shields
 * Level 17.7 Spellcasting
 + Level 11.1 Conjurations
 - Level 1.1 Summonings
 - Level 1.1 Translocations
 + Level 10.4 Fire Magic
 - Level 1.1 Air Magic
 - Level 1.0 Earth Magic
 - Level 2.0 Poison Magic
 - Level 1.2 Evocations


You had 26 spell levels left.
You knew the following spells:

 Your Spells              Type           Power        Failure   Level  Hunger
a - Magic Dart            Conj           ####         0%          1    None
b - Mephitic Cloud        Conj/Pois/Air  ######..     1%          3    None
c - Call Imp              Summ           #####...     1%          2    None
d - Blink                 Tloc           N/A          1%          2    None
e - Conjure Flame         Conj/Fire      #######.     1%          3    None
f - Fireball              Conj/Fire      #######...   1%          5    None
g - Foxfire               Conj/Fire      ####         1%          1    None
h - Stone Arrow           Conj/Erth      ######       1%          3    None
i - Apportation           Tloc           #####.       1%          1    None

Your spell library contained the following spells:

 Spells                   Type           Power        Failure   Level  Hunger
 Spellforged Servitor     Conj/Summ      ######....   14%         7    ####...
 Animate Skeleton         Necr           N/A          1%          1    None
 Corona                   Hex            ####...      1%          1    None
 Summon Small Mammal      Summ           ####         1%          1    None
 Slow                     Hex            ####....     1%          2    None
 Inner Flame              Hex/Fire       ######..     1%          3    None
 Sticky Flame             Conj/Fire      #######.     1%          4    None


Dungeon Overview and Level Annotations

Branches:
Dungeon (14/15)            Temple (1/1) D:6            Lair (3/6) D:11
  Swamp (0/4) Lair:2       Spider (0/4) Lair:2          Orc (0/2) D:11
 Vaults (0/5) D:13         Bailey (visited)         Volcano (1/1)

Altars:
Ashenzari
Cheibriados
Dithmenos
Elyvilon
Fedhas
Gozag
Hepliaklqana
Makhleb
Nemelex Xobeh
Okawaru
Qazlal
Ru
Sif Muna
Trog
Uskayaw
Vehumet
Wu Jian
Xom
Yredelemnul
Zin
The Shining One

Shops:
D:5 *   D:6 *   D:8 *   D:9 [   D:10 [   D:11 (


Message History

Casting: Call Imp (safe; 1% risk of failure)
Confirm with . or Enter, or press ? or * to list all spells.
Aiming: Stone Arrow (safe; 1% risk of failure)
Press: ? - help, Shift-Dir - straight line, f/p - efreet
Aim: an efreet, wielding a +2 scimitar of flaming (lava)
The stone arrow hits the efreet!
The efreet is moderately wounded.
Casting: Stone Arrow (safe; 1% risk of failure)
Confirm with . or Enter, or press ? or * to list all spells.
Aiming: Stone Arrow (safe; 1% risk of failure)
Press: ? - help, Shift-Dir - straight line, f/p - efreet
Aim: an efreet, wielding a +2 scimitar of flaming (moderately wounded)
The stone arrow hits the efreet!
The efreet is heavily wounded.
The efreet gestures at you.
The fireball explodes!
The fireball engulfs the efreet.
The efreet completely resists.
The fireball engulfs you!!
* * * LOW HITPOINT WARNING * * *
The efreet hits you with a +2 scimitar of flaming.
You die...

###..# ##≈...## #≈≈....#
#≈≈§∩..+####
#≈≈§..###≈≈###
#≈≈...##≈§§§≈#### ###
#≈≈....#≈≈≈≈§§§@##≈≈○#≈#
#≈≈.∩..'≈§≈≈§§##R○°R≈≈°○
#°≈....#§≈≈≈.###.≈§§§≈≈.
##°...###.§.## ##§§§§≈.#
###..# ##.## 5§§§§.#
#### ### #§§≈§## §§§§#
#§.## .##


You could see 2 efreet and a friendly crimson imp (summoned).

Vanquished Creatures
  Harold (D:10)
  Fannar (D:11)
  3 vault guards (D:13)
  The ghost of hawla the Destroyer, a journeyman DrCj of Vehumet (D:11)
  A centaur warrior (D:13)
  2 two-headed ogres
  A catoblepas (Lair:3)
  A tengu warrior (D:12)
  A deep troll (D:8)
  A lindwurm (Lair:3)
  A deep elf mage (D:13)
  An orb spider (Lair:2)
  An oklob plant (Lair:1)
  An ugly thing (D:13)
  2 cyclopes
  5 elephants (Lair:2)
  A black mamba (Lair:1)
  3 spiny frogs
  3 gargoyles
  2 komodo dragons
  A yaktaur (D:11)
  A tengu conjurer (D:12)
  3 trolls
  Grinder (D:6)
  3 bog bodies (Lair:2)
  7 hippogriffs
  A centaur simulacrum (D:14)
  4 wyverns
  4 wraiths
  2 shadows
  A spriggan (D:8)
  2 fire elementals (Volcano)
  A basilisk (Lair:1)
  4 vampire mosquitoes
  2 swamp worms (Lair:2)
  An acid dragon (D:11)
  3 water moccasins
  5 porcupines
  5 black bears
  4 phantoms
  A hornet zombie (D:7)
  4 orc warriors
  2 ice beasts
  3 ogres
  4 sky beasts
  12 wolves
  A crocodile (D:10)
  8 centaurs
  Blork the orc (D:4)
  13 bullfrogs
  8 gnoll sergeants (Bailey)
  A wyvern zombie (D:9)
  A wyvern skeleton (D:8)
  3 scorpions
  8 wights (D:12)
  3 electric eels (Lair:2)
  9 crimson imps
  3 centaur zombies
  A quasit (D:12)
  3 bullfrog zombies
  3 hounds
  4 orc priests
  2 centaur skeletons
  3 bullfrog skeletons
  6 gnoll shamans (Bailey)
  Jessica (D:2)
  Natasha (thrice) (D:4)
  9 orc wizards
  2 iguanas
  11 worker ants
  A hound skeleton (D:8)
  A howler monkey zombie (D:10)
  A worker ant zombie (D:5)
  14 gnolls (Bailey)
  10 adders
  3 shadow imps
  An ooze (D:1)
  An adder skeleton (D:7)
  An adder zombie (D:7)
  3 worms
  3 dart slugs
  2 leopard geckos
  31 orcs
  5 bats
  4 giant cockroaches
  11 goblins
  6 hobgoblins
  18 jackals
  4 quokkas
  6 frilled lizards
  A jackal skeleton (D:7)
  7 kobolds (D:1)
  A leopard gecko skeleton (D:5)
  A quokka skeleton (D:4)
  7 rats
  4 fire vortices (Volcano)
  2 plants (Lair:1)
370 creatures vanquished.

Vanquished Creatures (collateral kills)
  Menkaure (D:4)
1 creature vanquished.

Vanquished Creatures (others)
  A centaur (D:10)
  138 foxfires
  A fungus (Lair:3)
140 creatures vanquished.

Grand Total: 511 creatures vanquished

Notes
Turn   | Place    | Note
-------+----------+-------------------------------------------
     0 | D:1      | pokeman the Deep Elf Wizard began the quest for the Orb.
     0 | D:1      | Reached XP level 1. HP: 10/10 MP: 7/7
   199 | D:1      | Reached XP level 2. HP: 15/15 MP: 7/9
   642 | D:1      | Reached skill level 5 in Spellcasting
   745 | D:1      | Reached XP level 3. HP: 20/20 MP: 9/11
   750 | D:1      | Learned a level 3 spell: Mephitic Cloud
   753 | D:1      | Learned a level 2 spell: Call Imp
   756 | D:1      | Learned a level 2 spell: Blink
   760 | D:1      | Learned a level 3 spell: Conjure Flame
  1158 | D:2      | Found a faded altar of an unknown god.
  1232 | D:2      | Reached skill level 1 in Fighting
  1232 | D:2      | Reached skill level 1 in Armour
  1866 | D:2      | Noticed Jessica
  1873 | D:2      | Killed Jessica
  1873 | D:2      | Reached XP level 4. HP: 25/25 MP: 8/13
  2303 | D:2      | Reached skill level 1 in Fire Magic
  2611 | D:3      | Found a snail-covered altar of Cheibriados.
  3173 | D:3      | Found a shadowy altar of Dithmenos.
  3380 | D:4      | Found a stormy altar of Qazlal.
  3389 | D:4      | Reached skill level 6 in Spellcasting
  3389 | D:4      | Reached XP level 5. HP: 22/29 MP: 5/15
  3475 | D:4      | Reached skill level 1 in Air Magic
  3556 | D:4      | Noticed Natasha
  3566 | D:4      | Killed Natasha
  3699 | D:4      | Reached XP level 6. HP: 7/34 MP: 2/17
  3787 | D:4      | Noticed Menkaure
  3788 | D:4      | Reached skill level 1 in Shields
  3788 | D:4      | Reached skill level 1 in Poison Magic
  4121 | D:4      | Found a basalt altar of Yredelemnul.
  4157 | D:4      | Noticed Natasha
  4161 | D:4      | Killed Natasha
  4259 | D:4      | Reached skill level 7 in Spellcasting
  4617 | D:4      | Found a shattered altar of Ashenzari.
  4689 | D:4      | Noticed Blork the orc
  4705 | D:4      | Killed Blork the orc
  4705 | D:4      | Reached XP level 7. HP: 18/38 MP: 18/20
  5212 | D:4      | Noticed Natasha
  5219 | D:4      | Killed Natasha
  5260 | D:4      | Killed Menkaure
  5483 | D:5      | Entered Level 5 of the Dungeon
  5550 | D:5      | Reached skill level 8 in Spellcasting
  5550 | D:5      | Reached skill level 1 in Evocations
  5679 | D:5      | Found a glowing golden altar of the Shining One.
  5911 | D:5      | Found Xuwnu's General Store.
  5918 | D:5      | Bought a scroll of random uselessness for 12 gold pieces
  6119 | D:5      | Found a white marble altar of Elyvilon.
  6469 | D:5      | Reached skill level 9 in Spellcasting
  6469 | D:5      | Reached XP level 8. HP: 44/44 MP: 21/23
  6527 | D:6      | Noticed Grinder
  6563 | D:6      | Killed Grinder
  6734 | D:6      | Found a staircase to the Ecumenical Temple.
  6762 | Temple   | Entered the Ecumenical Temple
  6831 | Temple   | Became a worshipper of Vehumet
  6894 | D:6      | Reached skill level 5 in Conjurations
  7207 | D:6      | Found a shimmering altar of Xom.
  7256 | D:6      | Reached skill level 10 in Spellcasting
  7335 | D:6      | Found Siycairi's Elemental Accessories.
  7574 | D:6      | Found a sparkling altar of Nemelex Xobeh.
  7667 | D:6      | Learned a level 1 spell: Apportation
  7910 | D:7      | Reached XP level 9. HP: 48/48 MP: 18/25
  8032 | D:7      | Reached * piety under Vehumet
  8032 | D:7      | Offered knowledge of Foxfire by Vehumet.
  8035 | D:7      | Learned a level 1 spell: Foxfire
  8457 | D:7      | Found a shimmering altar of Xom.
  8929 | D:8      | Reached skill level 11 in Spellcasting
  9253 | D:8      | Found a runed translucent door.
  9254 | D:8      | Noticed a gargoyle
  9256 | D:8      | Noticed a deep troll
  9781 | D:8      | Found Gozag's Platinum Reserve.
  9791 | D:8      | Found an opulent altar of Gozag.
 10073 | D:9      | Reached skill level 5 in Fire Magic
 10200 | D:9      | Offered knowledge of Shock by Vehumet.
 10447 | D:9      | Noticed a troll
 10456 | D:9      | Killed a troll
 10456 | D:9      | Reached skill level 12 in Spellcasting
 10667 | D:9      | Found Firrogim's Armour Shoppe.
 10677 | D:9      | Reached ** piety under Vehumet
 11219 | D:9      | Found a blossoming altar of Fedhas.
 11304 | D:9      | Found a hazy altar of Hepliaklqana.
 11362 | D:10     | Entered Level 10 of the Dungeon
 11362 | D:10     | Noticed Harold
 11382 | D:10     | Killed Harold
 11382 | D:10     | Reached XP level 10. HP: 54/54 MP: 8/28
 11714 | D:10     | Found Deptujun's Antique Armour Emporium.
 11725 | D:10     | Bought a pair of embroidered boots for 225 gold pieces
 11725 | D:10     | Bought a pair of runed gloves for 225 gold pieces
 12060 | D:10     | Reached skill level 13 in Spellcasting
 12417 | D:11     | Noticed Fannar
 12474 | D:11     | Found a runed translucent gate.
 12614 | D:11     | Offered knowledge of Stone Arrow by Vehumet.
 12619 | D:11     | Learned a level 3 spell: Stone Arrow
 12626 | D:11     | Found a flagged portal.
 12633 | Bailey   | Entered a bailey
 12803 | Bailey   | Reached *** piety under Vehumet
 13104 | D:11     | Found a runed translucent gate.
 13104 | D:11     | Noticed hawla's ghost (journeyman DrCj)
 13105 | D:11     | Found a runed translucent gate.
 13136 | D:11     | Found a staircase to the Lair.
 13223 | D:11     | Killed Fannar
 13223 | D:11     | Reached skill level 14 in Spellcasting
 13426 | D:11     | Found a staircase to the Orcish Mines.
 13426 | D:11     | Found Deekischu's Weapon Emporium.
 13670 | D:11     | Reached XP level 11. HP: 61/61 MP: 17/31
 13674 | D:11     | Killed hawla's ghost
 13674 | D:11     | Reached skill level 1 in Earth Magic
 13704 | D:11     | Offered knowledge of Static Discharge by Vehumet.
 14056 | D:8      | Killed a deep troll
 14667 | D:12     | Noticed a tengu warrior
 15099 | D:12     | Noticed a two-headed ogre
 15105 | D:12     | Killed a two-headed ogre
 15105 | D:12     | Reached skill level 15 in Spellcasting
 15213 | D:12     | Reached **** piety under Vehumet
 15277 | D:12     | Killed a tengu warrior
 15546 | D:12     | Got a translucent iron amulet
 15547 | D:12     | Identified the amulet "Bized" {Acrobat Int+3 Dex+4} (You
                  | found it on level 12 of the Dungeon)
 15667 | D:13     | Noticed a purple ugly thing
 15672 | D:13     | Killed a purple ugly thing
 15862 | D:13     | Offered knowledge of Irradiate by Vehumet.
 16018 | D:13     | Noticed a deep elf mage
 16300 | D:13     | Noticed a vault guard
 16313 | D:13     | Killed a vault guard
 16324 | D:13     | Reached XP level 12. HP: 56/66 MP: 4/33
 16494 | D:13     | Noticed a vault guard
 16908 | D:13     | Noticed a centaur warrior
 16914 | D:13     | Noticed a vault guard
 16917 | D:13     | Killed a centaur warrior
 16917 | D:13     | Reached skill level 16 in Spellcasting
 16932 | D:13     | Killed a vault guard
 16932 | D:13     | Reached skill level 10 in Conjurations
 17214 | D:13     | Found a gate to the Vaults.
 17306 | D:13     | Noticed a vault guard
 17320 | D:13     | Killed a vault guard
 17588 | D:14     | Noticed a two-headed ogre
 17592 | D:14     | Killed a two-headed ogre
 17652 | D:14     | Reached skill level 5 in Fighting
 17660 | D:14     | Noticed an iron dragon
 17685 | D:14     | Noticed a two-headed ogre
 17689 | D:14     | Noticed a two-headed ogre
 17697 | D:13     | Learned a level 5 spell: Fireball
 17758 | Lair:1   | Entered Level 1 of the Lair of Beasts
 18370 | Lair:1   | Reached ***** piety under Vehumet
 18418 | Lair:1   | Offered knowledge of Spellforged Servitor by Vehumet.
 18420 | Lair:1   | Reached skill level 17 in Spellcasting
 19269 | Lair:2   | Reached skill level 10 in Fire Magic
 19747 | Lair:2   | Reached XP level 13. HP: 74/74 MP: 23/36
 19995 | Lair:2   | Found a hole to the Spider Nest.
 20277 | Lair:2   | Found a staircase to the Swamp.
 20692 | Lair:3   | Found a dark tunnel.
 20734 | Volcano  | Entered a volcano
 20958 | Volcano  | HP: 3/74 [efreet/fireball (31)]
 20958 | Volcano  | Slain by an efreet

Illustrated notes

Levels and vault maps discovered:
D:1:      saegor_arrival_simple_d, layout_rooms, chequers_serial_rivers_large_b
D:2:      layout_basic, chequers_ecumenical_altar_simple_redux, uniq_jessica
D:3:      layout_basic, overflow_temple_1_default,
          nicolae_dithmenos_through_a_glass_darkly, first_ration,
          chequers_serial_rivers_small_a, grunt_decor_mini_mirrors
D:4:      layout_rooms, lemuel_doored_altar, nicolae_qazlal_general_emergency,
          old_standard_altar, uniq_blork_the_orc, uniq_menkaure, uniq_natasha
D:5:      layout_basic, elyvilon_altar_3, lemuel_round_altar, serial_shops,
          shop, kennysheep_generic_room_12
D:6:      layout_basic, old_standard_altar, minmay_temple_entry_mist,
          basic_altar, nicolae_elemental_shop, uniq_grinder
D:7:      layout_cave_pools, basic_altar
D:8:      layout_basic, nicolae_gozag_zags_fifth_avenue, the_bakery,
          hangedman_decor_growths, wad_hexagon
D:9:      minmay_angry_zag, layout_loops_ring, marbit_many_paths, serial_shops,
          nicolae_shop_behind_doors, minmay_misc_feat_iff, fedhas_altar_1
D:10:     layout_long_grid, serial_shops, nicolae_shop_overgrown_old_shop,
          minivault_26, uniq_harold
D:11:     layout_roguey, lair_entry_dummy, orc_0_dummy, gammafunk_ghost_split,
          serial_shops, nicolae_shop_window_shopping, enter_bailey_3,
          uniq_fannar
D:12:     minmay_wavy_crystal, layout_basic
D:13:     layout_roguey, lightli_vaults_fourway_checkpoint
D:14:     minmay_roctagon, layout_stronghold, serial_glass, glass_columns_a,
          glass_columns_a, glass_columns_b, glass_columns_b, glass_columns_a,
          glass_columns_a, glass_columns_c, glass_columns_a,
          lemuel_mausoleum_altar_yredelemnul
Temple:   hc_temple_tempest_star
Lair:1:   layout_hall_layers, minmay_lair_oklob_chamber
Lair:2:   layout_long_grid, nicolae_swamp_entry_splash_gauntlet,
          nicolae_spider_entry_orb_guardian, serial_bayou_shore_a
Lair:3:   hangedman_what_comes_after_a, layout_misc_corridors,
          nicolae_volcano_entry_vermiform, minmay_shattered_shrine,
          serial_bayou_shore_b, infiniplex_staircase_pool, uniq_rupert,
          uniq_snorg
Volcano:  volcano_aerie

Skill      XL: |  1  2  3  4  5  6  7  8  9 10 11 12 13 |
---------------+----------------------------------------+-----
Spellcasting   | 5 6 7 9 10 12 14 15 17 | 17.7
Fighting       | 1 2 4 5 6 |  6.0
Armour         | 1 2 3 4 |  4.0
Conjurations   | 2 3 4 5 7 8 9 10 11 | 11.1
Fire Magic     | 1 2 4 5 7 8 10 | 10.4
Dodging        | 3 |  3.0
Air Magic      | 1 |  1.1
Shields        | 1 2 3 4 |  4.0
Poison Magic   | 2 |  2.0
Evocations     | 1 |  1.2
Earth Magic    | 1 |  1.0
Stealth        | |  2.4
Summonings     | |  1.1
Translocations | |  1.1

Action                   |  1- 3 |  4- 6 |  7- 9 | 10-12 | 13-15 || total
-------------------------+-------+-------+-------+-------+-------++-------
Melee: Spear             |     3 |    16 |   155 |   271 |     1 ||   446
       Unarmed           |     1 |       |       |       |       ||     1
 Cast: Magic Dart        |    87 |   106 |   260 |    36 |       ||   489
       Mephitic Cloud    |     1 |     5 |    17 |    58 |     3 ||    84
       Call Imp          |       |       |     3 |    26 |     1 ||    30
       Conjure Flame     |       |       |    16 |    36 |       ||    52
       Foxfire           |       |       |    43 |    31 |     2 ||    76
       Blink             |       |       |     3 |     2 |       ||     5
       Stone Arrow       |       |       |       |   169 |    16 ||   185
       Fireball          |       |       |       |    56 |    18 ||    74
Evoke: Wand              |       |       |       |     3 |     2 ||     5
  Use: Scroll            |       |       |       |    23 |     1 ||    24
 Stab: Confused          |       |       |    13 |    29 |       ||    42
       Sleeping          |       |       |       |     1 |       ||     1
  Eat: Chunk             |     3 |     7 |    17 |    28 |     3 ||    58
       Ration            |       |       |     1 |       |       ||     1
Armor: Robe              |     1 |       |       |       |       ||     1
       Leather armour    |     3 |     3 |    45 |       |       ||    51
       Troll leather arm |       |       |     2 |    78 |     6 ||    86
Dodge: Dodged            |    13 |    12 |   103 |   169 |     5 ||   302
